 Dungeon Crawl Stone Soup version 0.18-a0-1203-gbde16db (webtiles) character file.

32 SwimG the Shooter (level 3, -2/32 HPs)
             Began as a Deep Dwarf Hunter on Jan 31, 2016.
             Slain by a worm (5 damage)
             ... on level 2 of the Dungeon.
             The game lasted 00:17:24 (814 turns).

SwimG the Shooter (Deep Dwarf Hunter)                Turns: 814, Time: 00:17:36

Health: -2/32      AC:  5    Str: 15    XL:     3   Next: 8%
Magic:  3/3        EV: 11    Int: 11    God:
Gold:   47         SH:  0    Dex: 14    Spells: 0 memorised, 2 levels left

rFire  . . .     SeeInvis .     a - +1 shortbow
rCold  . . .     Gourm    .     q - +0 ring mail
rNeg   . . .     Faith    .     (shield currently unavailable)
rPois  .         Spirit   .     (no helmet)
rElec  .         Dismiss  .     (no cloak)
rCorr  .         Reflect  .     (no gloves)
SustAt .         Harm     .     (no boots)
MR     .....                    (no amulet)
Stlth  +.........               (no ring)
                                (no ring)

@: non-regenerating, not resistant to hostile enchantments, very unstealthy
A: damage resistance, recharge devices, sense surroundings 1, slow regeneration
3
a: Device Recharging


You were on level 2 of the Dungeon.
You were full.

You visited 1 branch of the dungeon, and saw 2 of its levels.

You collected 47 gold pieces.

Inventory:

Hand Weapons
 a - a +1 shortbow (weapon)
 b - a +0 short sword
 i - a +0 club
 l - a +0 hand axe
 p - a +0 flail
Missiles
 d - 31 arrows (quivered)
 h - 35 bolts
Armour
 q - a +0 ring mail (worn)
 r - a +0 ring mail
 t - a +0 scale mail
 v - a +0 ring mail
Wands
 e - a wand of heal wounds (5/9)
Scrolls
 c - a scroll of magic mapping {unknown}
 j - 2 scrolls of amnesia {unknown}
 n - 3 scrolls of identify {unknown}
 o - a scroll of teleportation {unknown}
Potions
 g - 2 potions of curing {unknown}
 k - a potion of lignification {unknown}
 m - 2 potions of heal wounds {unknown}
 s - 2 potions of magic {unknown}
 u - a potion of ambrosia {unknown}
Comestibles
 f - a bread ration


   Skills:
 + Level 1.8 Fighting
 * Level 3.6 Bows
 + Level 0.4 Armour
 + Level 2.1 Dodging
 + Level 1.4 Stealth


You had 2 spell levels left.
You didn't know any spells.

Dungeon Overview and Level Annotations

Branches:
Dungeon (2/15)

Altars:


Innate Abilities, Weirdness & Mutations

You are resistant to damage.
You can recharge devices by infusing magical energy.
You passively map a small area around you.
You do not regenerate naturally.


Message History

Aim: a rat (severely wounded)
You shoot an arrow. The arrow barely misses the rat.
The rat barely misses you.
Firing (i - inventory):
d - 33 arrows (quivered)
Press: ? - help, Shift-Dir - straight line, f/p - rat
Aim: a rat (severely wounded)
You shoot an arrow. The arrow closely misses the rat.
The rat misses you. The worm bites you!
* * * LOW HITPOINT WARNING * * *
Firing (i - inventory):
d - 32 arrows (quivered)
Press: ? - help, Shift-Dir - straight line, f/p - rat
Aim: a rat (severely wounded)
You shoot an arrow. The arrow barely misses the rat.
The rat bites you. x2
* * * LOW HITPOINT WARNING * * *
The rat closely misses you. The rat bites you. The worm bites you.
* * * LOW HITPOINT WARNING * * *
You continue eating.
The rat misses you. The rat closely misses you.
You continue eating.
The rat misses you. The rat closely misses you. The worm bites you!
You die...

* , , , * * , ,
, ,, * * ,
####+#+## # , ,
,
#.......####.#
, ,
#.............
, ,
#.............
, ,
#.....w.......
*#.....@.......
#....r.r......
#............#
, , ,
#............#
*#.........(#++
* ####+#.....+
8 ,, , #.....#
* , , , #.....#
, , ,


You could see a worm and 2 rats.

Vanquished Creatures
  A gnoll (D:1)
  An ooze (D:1)
  A giant gecko (D:1)
  A goblin (D:1)
  3 hobgoblins (D:1)
  2 jackals (D:1)
  2 kobolds (D:1)
  2 bats (D:1)
  A giant newt (D:1)
  2 rats (D:1)
16 creatures vanquished.

Notes
Turn   | Place    | Note
--------------------------------------------------------------
     0 | D:1      | SwimG the Deep Dwarf Hunter began the quest for the Orb.
     0 | D:1      | Reached XP level 1. HP: 19/19 MP: 1/1
    55 | D:1      | Reached skill level 3 in Bows
   229 | D:1      | Reached XP level 2. HP: 15/26 MP: 2/2
   530 | D:1      | Reached XP level 3. HP: 16/32 MP: 3/3
   814 | D:2      | Slain by a worm

Vault maps used:
D:1:      denvon_arrival_planthouse
D:2:      dk_noncrumbling_4, nicolae_ru_sacrificial_ziggurat

Action                   || total
-------------------------++-------
 Fire: Shortbow          ||    38
  Eat: Bread ration      ||     1
